 Dungeon Crawl Stone Soup version 0.31-a0-1405-g2bb1a01664 (webtiles) character file.

Game seed: 17413909586127376296

74649 experimilk the Brawler (level 15, -4/144 (149) HPs)
             Began as a Troll Gladiator on Dec 25, 2023.
             Was a High Priest of Fedhas.
             Killed from afar by a starcursed mass (12 damage)
             ... with an accursed screaming
             ... on level 2 of the Abyss.
             The game lasted 01:22:57 (25343 turns).

experimilk the Brawler (Troll Gladiator)           Turns: 25343, Time: 01:22:58

HP:   -4/144 (149)  AC: 11    Str: 44 (45) XL:     15   Next: 7%
MP:   21/21         EV: 11    Int:  3 (4)  God:    Fedhas [*****.]
Gold: 1355          SH:  0    Dex: 11      Spells: 14/14 levels left

rFire   + .          .
                       - Unarmed
rCold   + . .        (no shield)
rNeg    . . .        x - +0 troll leather armour
rPois   .            T - +2 hat {Will+}
rElec   .            w - scarf "Ulamicw" {+Inv, Str+7}
rCorr   +            (gloves unavailable)
SInv    .            (boots unavailable)
Will    ++...        r - amulet of regeneration
Stlth   +            B - ring "Feirpheoll" {rF+ rC+ rCorr Str+6}
HPRegen 0.00/turn    J - +4 ring of protection
MPRegen 0.17/turn

%: no passive effects
@: confused, about to teleport, ambrosia-drunk, sick, lightly drained
A: large, unfitting armour, claws 3, regeneration 1, shaggy fur 1, tough skin 1,
subdued magic 1
a: Renounce Religion, Evoke Invisibility, Wall of Briars, Grow Ballistomycete,
Overgrow, Grow Oklob


You were on level 2 of the Abyss.
You worshipped Fedhas.
Fedhas was extremely pleased with you.
You visited 3 branches of the dungeon, and saw 18 of its levels.
You visited the Abyss 1 time.
You also visited: Sewer.

You collected 1852 gold pieces.
You spent 497 gold pieces at shops.

Inventory:

Missiles
 a - 30 poisoned darts (quivered)
 q - a throwing net
 s - a datura-tipped dart
 z - 8 large rocks
 W - a curare-tipped dart
Armour
 w - the scarf "Ulamicw" (worn) {+Inv, Str+7}
   (You acquired it on level 4 of the Lair of Beasts)

   Str+7:     It affects your strength (+7).
 x - a +0 troll leather armour (worn)
 F - a scarf of repulsion
 H - a +1 robe of willpower
 T - a +2 hat of willpower (worn)
 V - +0 acid dragon scales
Jewellery
 d - a ring of ice
 r - an amulet of regeneration (around neck)
 B - the ring "Feirpheoll" (left claw) {rF+ rC+ rCorr Str+6}
   (You acquired it on level 4 of the Lair of Beasts)

   [ring of strength]

   Str+6:     It affects your strength (+6).
   rF+:       It protects you from fire.
   rC+:       It protects you from cold.
   rCorr:     It protects you from acid and corrosion.
 J - a +4 ring of protection (right claw)
 P - a +6 ring of dexterity
 U - an amulet of the acrobat
Talismans
 R - a maw talisman
Wands
 t - a wand of roots (11)
 A - a wand of mindburst (3)
 C - a wand of flame (8)
 D - a wand of digging (8)
 X - a wand of acid (9)
Scrolls
 b - 2 scrolls of brand weapon
 c - 7 scrolls of poison
 g - 3 scrolls of torment
 h - 4 scrolls of fear
 j - 5 scrolls of enchant armour
 k - 5 scrolls of teleportation
 l - 3 scrolls of amnesia
 m - 4 scrolls of immolation
 o - 3 scrolls of enchant weapon
 y - 4 scrolls of blinking
 M - 2 scrolls of fog
 N - a scroll of vulnerability
 S - 3 scrolls of revelation
Potions
 e - 9 potions of attraction
 f - 7 potions of enlightenment
 i - a potion of curing
 n - 3 potions of lignification
 p - 2 potions of haste
 v - 5 potions of resistance
 E - 7 potions of ambrosia
 G - 2 potions of might
 I - 2 potions of brilliance
 K - 2 potions of invisibility
 L - a potion of mutation
Miscellaneous
 O - a box of beasts


   Skills:
 - Level 10.0 Fighting
 - Level 15.0 Throwing
 + Level 2.3 Armour
 * Level 6.2 Dodging
 - Level 15.0 Unarmed Combat
 - Level 10.0 Invocations
 - Level 5.0 Evocations


You had 14 spell levels left.
You didn't know any spells.
Your spell library contained the following spells:

 Spells                   Type           Power      Damage    Failure   Level
 Magic Dart               Conj           0%         1d3       50%         1
 Necrotise                Necr           0%         1d4       50%         1
 Sandblast                Erth           0%         2d4       50%         1
 Call Imp                 Summ           0%         N/A       65%         2
 Ensorcelled Hibernation  Hex/Ice        0%         N/A       65%         2
 Mercury Vapours          Alch/Air       0%         N/A       65%         2
 Searing Ray              Conj           0%         2d4       65%         2
 Sublimation of Blood     Necr           0%         N/A       65%         2
 Call Canine Familiar     Summ           0%         N/A       87%         3
 Dazzling Flash           Conj/Hex       0%         N/A       87%         3
 Fugue of the Fallen      Necr           0%         N/A       87%         3
 Mephitic Cloud           Conj/Alch/Air  0%         N/A       87%         3
 Ozocubu's Armour         Ice            0%         N/A       87%         3
 Sigil of Binding         Hex            0%         N/A       87%         3
 Stone Arrow              Conj/Erth      0%         3d7       87%         3
 Summon Guardian Golem    Hex/Summ       0%         N/A       87%         3
 Vampiric Draining        Necr           0%         2d6       87%         3
 Volatile Blastmotes      Fire/Tloc      0%         2d10      87%         3
 Anguish                  Hex/Necr       0%         N/A       99%         4
 Cause Fear               Hex            0%         N/A       99%         4
 Dimensional Bullseye     Hex/Tloc       0%         N/A       99%         4
 Fulminant Prism          Conj/Alch      0%         3d5       99%         4
 Ignite Poison            Fire/Alch      0%         N/A       99%         4
 Manifold Assault         Tloc           0%         N/A       99%         4
 Olgreb's Toxic Radiance  Alch           0%         N/A       99%         4
 Sticky Flame             Fire/Alch      0%         2d4       99%         4
 Summon Ice Beast         Ice/Summ       0%         N/A       99%         4
 Vhi's Electric Charge    Tloc/Air       0%         N/A       99%         4
 Agony                    Necr           0%         N/A       100%        5
 Arcjolt                  Conj/Air       0%         1d10      100%        5
 Freezing Cloud           Conj/Ice/Air   0%         6-21      100%        5
 Metabolic Englaciation   Hex/Ice        0%         N/A       100%        5
 Plasma Beam              Fire/Air       0%         2x1d10    100%        6
 Starburst                Conj/Fire      0%         6d3       100%        6
 Enfeeble                 Hex            0%         N/A       100%        7
 Orb of Destruction       Conj           0%         9d5       100%        7
 Ozocubu's Refrigeration  Ice            0%         4d7       100%        7
 Spellforged Servitor     Conj/Summ      0%         N/A       100%        7
 Summon Hydra             Summ           0%         N/A       100%        7
 Discord                  Hex            0%         N/A       100%        8
 Maxwell's Capacitive Co  Air            0%         ∞         100%        8


Dungeon Overview and Level Annotations

Branches:
Dungeon (12/15)            Temple (0/1) D:6            Lair (5/5) D:10
  Swamp (0/4) Lair:3       Spider (0/4) Lair:3        Slime (0/5) Lair:4
    Orc (1/2) D:12          Sewer (visited)

Altars:
Ashenzari
Cheibriados
Dithmenos
Elyvilon
Fedhas
Gozag
Makhleb
Nemelex Xobeh
Okawaru
Qazlal
Ru
Sif Muna
Vehumet
Yredelemnul
Zin
The Shining One
Jiyva

Shops:
D:4 (:[!   D:9 ?*[   D:11 (

Annotations:
D:8 3 runed translucent doors, Curundu's ghost, novice MiBe
Orc:1 Sonja


Innate Abilities, Weirdness & Mutations

You are too large for most types of armour.
You have claws for hands.
Your natural rate of healing is unusually fast.
You are covered in fur. (AC +1)
You have tough skin. (AC +1)
Your spells are a little easier to cast, but a little less powerful.


Message History

The raiju bites you but does no damage.
You miss the raiju. You miss the raiju. You claw the raiju!!
The raiju is almost dead.
The raiju closely misses you. A chorus of shrieks assaults your mind.
* * * LOW HITPOINT WARNING * * *
You eviscerate the raiju!!!
You kill the raiju!
Fedhas appreciates your contribution to the ecosystem.
The starcursed mass touches you but does no damage.
The starcursed mass closely misses you.
A deafening chorus of shrieks assaults your mind!
* * * LOW HITPOINT WARNING * * *
The starcursed mass attacks as it pursues you!
The starcursed mass closely misses you. The hell hound breathes flames at you.
The blast of flame hits you! You resist.
* * * LOW HITPOINT WARNING * * *
You see here a raiju corpse.
You are confused.
You feel invigorated.
A deafening chorus of shrieks assaults your mind!
* * * LOW HITPOINT WARNING * * *
The starcursed mass touches you but does no damage.
The starcursed mass misses you.
An apocalypse crab comes into view.
A large abomination comes into view.
A deafening chorus of shrieks assaults your mind!
* * * LOW HITPOINT WARNING * * *
You bump into the stone wall.
A deafening chorus of shrieks assaults your mind!
* * * LOW HITPOINT WARNING * * *
The starcursed mass touches you but does no damage.
Unknown command.
You scratch the starcursed mass.
The starcursed mass is heavily damaged.
The starcursed mass shudders and is absorbed by its neighbour.
A deafening chorus of shrieks assaults your mind!
You die...
Fedhas appreciates your contribution to the ecosystem.

# #### # #
##..#### # ## #.
#§#§#..##._. .#
##... # ....
###. ##....§##..
.
..##....##.#.##.
#.#...##.##.#.##
# #...#.......#.
# ...#..@h#..# #
##..##.#.## §#
##..tXX.X###h#
#......X#.X.X.
##....#∩X.#### #
....##.#q##.# .#
##.## ##....† #
... .##..##.XX #
###. ### ...
#q.#.X.


You could see 5 starcursed masses, a red draconian scorcher, a large
abomination, an apocalypse crab and a hell hound.

Vanquished Creatures
  Gastronok (Orc:1)
  A very ugly thing (Abyss:1)
  A dire elephant (Lair:5)
  A bunyip (Abyss:1)
  Fannar (D:12)
  Josephine (Lair:5)
  3 hydras (Lair:2)
  2 catoblepae (Lair:5)
  5 two-headed ogres
  A boulder beetle (Lair:1)
  15 death yaks
  A deep troll shaman (Lair:5)
  A skyshark (Lair:5)
  A wretched star (Abyss:1)
  Pikel (D:7)
  A lindwurm (Lair:5)
  A deep elf pyromancer (D:12)
  2 ugly things (D:12)
  A worldbinder (Abyss:2)
  2 cyclopes
  Joseph (D:10)
  10 elephants
  2 manticores (D:12)
  3 black mambas
  7 cane toads
  4 large abominations (Abyss:2)
  A gargoyle (D:9)
  An efreet (Abyss:1)
  4 rime drakes
  9 komodo dragons
  3 ancient zymes (Abyss:2)
  A queen bee (Lair:1)
  3 trolls
  3 polar bears
  A tarantella (Lair:3)
  A tyrant leech (Lair:3)
  Grinder (D:6)
  6 raiju (Abyss:2)
  23 blink frogs
  3 dream sheep (Lair:5)
  A jumping spider (Lair:3)
  9 slime creatures (D:12)
  2 vampires
  2 small abominations (Abyss:2)
  4 wyverns
  52 yaks
  7 wraiths
  2 shadows (D:12)
  3 fire bats (Lair:4)
  A fire elemental (Lair:4)
  5 basilisks
  4 golden eyes (Abyss:2)
  2 neqoxecs (Abyss:2)
  A steam dragon (D:7)
  2 acid dragons (D:12)
  17 water moccasins
  2 hell hounds (Abyss:2)
  A sky beast (D:8)
  6 black bears
  4 orc warriors
  2 ice beasts
  2 crocodiles (Sewer)
  4 centaurs
  An ogre (D:4)
  16 wolves
  A phantom (D:5)
  2 lemures (D:7)
  A weeping skull (D:10)
  A brain worm (Abyss:2)
  2 gnoll sergeants (D:8)
  14 bullfrogs
  5 kobold brigands
  4 scorpions
  10 wights
  34 killer bees
  15 electric eels
  6 howler monkeys
  A crimson imp (D:10)
  A quasit (Abyss:2)
  6 lava snakes (Lair:5)
  An iron imp (Abyss:1)
  2 bombardier beetles (D:5)
  3 hounds
  16 jellies
  3 orc priests
  2 starcursed masses (Abyss:2)
  A gnoll bouda (D:8)
  An iguana (D:4)
  11 orc wizards
  A sickly merfolk siren (Sewer)
  5 hell rats (Lair:5)
  A malarious merfolk avatar (Sewer)
  13 gnolls
  8 adders
  2 shadow imps
  2 white imps
  2 ufetubi (D:5)
  2 worms (D:2)
  27 orcs
  6 bats
  7 endoplasms
  4 giant cockroaches
  11 goblins
  5 hobgoblins
  8 jackals
  35 kobolds
  10 quokkas
  13 ball pythons
  7 frilled lizards
  42 rats
  A spectral orc (D:10)
637 creatures vanquished.

Vanquished Creatures (collateral kills)
  A cane toad (Lair:3)
  A komodo dragon (Lair:1)
  A blink frog (Lair:5)
  4 dream sheep (Lair:5)
  3 slime creatures (D:12)
  3 yaks
  A water moccasin (Lair:5)
  3 wolves
  A centaur (D:10)
  4 killer bees (D:9)
  A jelly (Lair:4)
  An orc (D:10)
  53 ballistomycete spores
77 creatures vanquished.

Vanquished Creatures (others)
  A yak (D:11)
  A sleepcap (D:6)
  2 kobolds (D:6)
  A ballistomycete spore (Lair:2)
  A lurking horror (Abyss:2)
6 creatures vanquished.

Grand Total: 720 creatures vanquished

Notes
Turn   | Place    | Note
-------+----------+-------------------------------------------
     0 | D:1      | experimilk the Troll Gladiator began the quest for the Orb.
     0 | D:1      | Reached XP level 1. HP: 19/19 MP: 0/0
    62 | D:1      | Reached XP level 2. HP: 27/27 MP: 1/1
   314 | D:1      | Reached XP level 3. HP: 33/33 MP: 2/2
  1111 | D:2      | Reached XP level 4. HP: 41/41 MP: 3/3
  1257 | D:2      | Reached skill level 5 in Unarmed Combat
  1655 | D:3      | Found a glowing golden altar of the Shining One.
  1670 | D:3      | Found a blossoming altar of Fedhas.
  1690 | D:3      | Reached XP level 5. HP: 37/48 MP: 4/4
  1964 | D:3      | Found a snail-covered altar of Cheibriados.
  2099 | D:3      | Found a sacrificial altar of Ru.
  2255 | D:3      | Identified the +5 flail of the Valley {vamp, rF+}
  2365 | D:4      | Found Limag's Antique Weapon Shop.
  2367 | D:4      | Found an iron altar of Okawaru.
  2404 | D:4      | Noticed an ogre
  2407 | D:4      | Killed an ogre
  2464 | D:4      | Reached XP level 6. HP: 43/55 MP: 5/5
  2570 | D:4      | Found a glowing drain.
  2591 | Sewer    | Entered a sewer
  2876 | Sewer    | Reached XP level 7. HP: 60/62 MP: 6/6
  2943 | D:4      | Found Cete's Distillery.
  2955 | D:4      | Bought a potion of degeneration for 11 gold pieces
  2955 | D:4      | Bought a potion of heal wounds for 55 gold pieces
  2955 | D:4      | Bought a potion of curing for 33 gold pieces
  2955 | D:4      | Bought a potion of ambrosia for 88 gold pieces
  2966 | D:4      | Found Muyr's Armour Emporium.
  3107 | D:4      | Found Jarroppo's Book Emporium.
  3307 | D:3      | Became a worshipper of Fedhas Madash
  3339 | D:5      | Entered Level 5 of the Dungeon
  4156 | D:5      | Reached XP level 8. HP: 70/70 MP: 7/7
  4201 | D:5      | Reached skill level 10 in Unarmed Combat
  4429 | D:5      | Reached * piety under Fedhas
  4680 | D:6      | Noticed Grinder
  4694 | D:6      | Killed Grinder
  4921 | D:6      | Found a staircase to the Ecumenical Temple.
  5048 | D:6      | Reached skill level 5 in Throwing
  5070 | D:6      | Found an opulent altar of Gozag.
  5789 | D:6      | Got Dijezu's Cyclopedia of the Syncline and Chemistry
  5871 | D:7      | Reached XP level 9. HP: 75/76 MP: 8/8
  6207 | D:7      | Noticed Pikel
  6216 | D:7      | Killed Pikel
  6256 | D:7      | Reached ** piety under Fedhas
  7036 | D:7      | Found a shadowy altar of Dithmenos.
  7406 | D:8      | Noticed a two-headed ogre
  7419 | D:8      | Killed a two-headed ogre
  7419 | D:8      | Reached *** piety under Fedhas
  7420 | D:8      | Reached skill level 10 in Throwing
  7420 | D:8      | Reached skill level 1 in Invocations
  7420 | D:8      | Reached skill level 1 in Evocations
  7420 | D:8      | Reached XP level 10. HP: 85/85 MP: 8/10
  7438 | D:8      | Found a sparkling altar of Nemelex Xobeh.
  7504 | D:8      | Found a runed translucent gate.
  7505 | D:8      | Noticed a two-headed ogre
  7506 | D:8      | Found a runed translucent gate.
  7507 | D:8      | Found a runed translucent gate.
  7508 | D:8      | Noticed Curundu's ghost (novice MiBe)
  7511 | D:8      | Noticed a tengu warrior
  7642 | D:8      | Noticed a two-headed ogre
  7646 | D:8      | Killed a two-headed ogre
  7730 | D:8      | Reached skill level 5 in Invocations
  7864 | D:8      | Found a white marble altar of Elyvilon.
  7980 | D:8      | You fall into a shaft and drop 1 floor!
  7989 | D:9      | Found Daif's General Store.
  7991 | D:9      | Found Lougrobbohung's Armour Shoppe.
  7994 | D:9      | Bought a scroll of poison for 56 gold pieces
  8515 | D:9      | Bought a scarf of repulsion for 144 gold pieces
  8542 | D:9      | Found Xujonoq's Magic Scroll Boutique.
  8721 | D:9      | Reached **** piety under Fedhas
  9121 | D:9      | Noticed a two-headed ogre
  9126 | D:9      | Killed a two-headed ogre
  9180 | D:9      | Reached XP level 11. HP: 90/92 MP: 16/16
  9431 | D:9      | Found the +6 shillelagh "Devastator" {shatter}
  9498 | D:9      | Found a stormy altar of Qazlal.
 10240 | D:10     | Entered Level 10 of the Dungeon
 10263 | D:10     | Noticed a two-headed ogre
 10272 | D:10     | Killed a two-headed ogre
 10276 | D:10     | Reached skill level 10 in Invocations
 10281 | D:10     | Noticed Joseph
 10293 | D:10     | Killed Joseph
 10473 | D:10     | Reached skill level 5 in Fighting
 10882 | D:10     | Found a burning altar of Makhleb.
 10883 | D:10     | Found a radiant altar of Vehumet.
 10945 | D:10     | Found a basalt altar of Yredelemnul.
 10977 | D:10     | Found a staircase to the Lair.
 11185 | D:10     | Found a broken altar of Ashenzari.
 11185 | D:10     | Found a shimmering blue altar of Sif Muna.
 11187 | D:10     | Found a glowing silver altar of Zin.
 11471 | Lair:1   | Entered Level 1 of the Lair of Beasts
 11679 | Lair:1   | Reached XP level 12. HP: 118/118 MP: 13/18
 13132 | Lair:1   | Noticed a boulder beetle
 13140 | Lair:1   | Killed a boulder beetle
 13818 | Lair:2   | Reached skill level 10 in Fighting
 14541 | Lair:2   | Noticed a five-headed hydra
 14858 | Lair:2   | Noticed a four-headed hydra
 14868 | Lair:2   | Killed a five-headed hydra
 14871 | Lair:2   | Noticed an eight-headed hydra
 14875 | Lair:2   | Killed a five-headed hydra
 14880 | Lair:2   | Killed an eight-headed hydra
 14891 | Lair:2   | Reached XP level 13. HP: 94/133 MP: 15/19
 15844 | Lair:3   | Found a hole to the Spider Nest.
 16244 | Lair:3   | You fall into a shaft and drop 1 floor!
 16667 | Lair:3   | Found a staircase to the Swamp.
 17170 | Lair:4   | Got Sif Muna's Handbook of the Volcano and Algor
 17491 | Lair:4   | Found a staircase to the Slime Pits.
 17493 | Lair:4   | Found a viscous altar of Jiyva.
 17960 | Lair:4   | Identified 4 scrolls of acquirement
 17980 | Lair:4   | Acquired a manual of Throwing
 17984 | Lair:4   | Acquired the ring "Feirpheoll" {rF+ rC+ rCorr Str+6}
 17988 | Lair:4   | Acquired 849 gold pieces
 17992 | Lair:4   | Acquired the scarf "Ulamicw" {+Inv, Str+7}
 18422 | Lair:5   | Entered Level 5 of the Lair of Beasts
 18895 | Lair:5   | Reached skill level 15 in Unarmed Combat
 19137 | Lair:5   | Reached XP level 14. HP: 142/143 MP: 20/20
 19324 | Lair:5   | Reached skill level 5 in Evocations
 19855 | Lair:5   | Noticed Josephine
 19882 | Lair:5   | Killed Josephine
 20890 | Lair:5   | Reached ***** piety under Fedhas
 21504 | D:11     | Found Rih Qeyd's Weapon Boutique.
 21690 | D:9      | Bought a scroll of identify for 22 gold pieces
 21690 | D:9      | Bought a scroll of identify for 22 gold pieces
 21690 | D:9      | Bought a scroll of identify for 22 gold pieces
 21690 | D:9      | Bought a scroll of poison for 44 gold pieces
 22331 | D:12     | Noticed Fannar
 22340 | D:12     | Killed Fannar
 22370 | D:12     | Reached skill level 5 in Dodging
 24064 | D:12     | Found a staircase to the Orcish Mines.
 24352 | Orc:1    | Entered Level 1 of the Orcish Mines
 24428 | Orc:1    | Noticed Gastronok
 24439 | Orc:1    | Killed Gastronok
 24505 | Orc:1    | Noticed Sonja
 24517 | Abyss:1  | Cast into level 1 of the Abyss (Sonja)
 24560 | Abyss:1  | Reached skill level 15 in Throwing
 24686 | Abyss:1  | Noticed a brown very ugly thing
 24698 | Abyss:1  | Killed a brown very ugly thing
 24767 | Abyss:1  | Reached skill level 1 in Armour
 24794 | Abyss:1  | Noticed a dread lich
 24810 | Abyss:1  | Paralysed by a dread lich for 4 turns
 24839 | Abyss:1  | Found a corrupted altar of Lugonu.
 24847 | Abyss:1  | Noticed a bone dragon
 24887 | Abyss:2  | Gained mutation: Your spells are a little easier to cast,
                  | but a little less powerful. [a neqoxec]
 25041 | Abyss:2  | Noticed a black draconian knight
 25066 | Abyss:2  | Found a corrupted altar of Lugonu.
 25157 | Abyss:2  | Reached XP level 15. HP: 36/137 MP: 21/21
 25324 | Abyss:2  | Noticed a red draconian scorcher
 25326 | Abyss:2  | Paralysed by accursed screaming for 1 turns
 25342 | Abyss:2  | HP: 6/144 [starcursed mass/accursed screaming (7)]
 25343 | Abyss:2  | Killed from afar by a starcursed mass

Illustrated notes

Levels and vault maps discovered:
D:1:      scummos_arrival_hexagon, layout_basic, minmay_misc_feat_tiny,
          st_stairs_1, moated_statue
D:2:      layout_loops_corners, corexii_shack, minmay_tetromino_i4
D:3:      layout_rooms, general_overflow_altar,
          mainiacjoe_overflow_surrounded_room, mainiacjoe_overflow_alcove_4,
          nicolae_overflow_hidden_temple, serial_aquarium,
          aquarium_bridge_square [aquarium_subvault_bridge,
          aquarium_subvault_bridge, aquarium_subvault_bridge,
          aquarium_subvault_bridge], aquarium_bridge_square
          [aquarium_subvault_balcony, aquarium_subvault_wall,
          aquarium_subvault_window, aquarium_subvault_bridge],
          aquarium_window_1, aquarium_window_fake, aquarium_view_2f,
          aquarium_pool_2
D:4:      layout_cave_pools, old_standard_altar, serial_shops,
          nicolae_lakefront_shop, shop, shop, shop, portal_sewer_entry_f,
          minmay_misc_feat_diagonals, nicolae_underground_beach
D:5:      layout_loops_corners
D:6:      layout_basic, grunt_gozag_statues, minmay_temple_entry_statues,
          hangedman_abyss_or_decor_stagger, serial_library_hellmonk_metal_room,
          uniq_grinder
D:7:      layout_basic, old_standard_altar, uniq_pikel
D:8:      kennysheep_ambush_hall, layout_loops_ring,
          mainiacjoe_overflow_alcove_2, nicolae_overflow_crystal_walls,
          gammafunk_ghost_split
D:9:      layout_irregular_city, nicolae_qazlal_style_of_elements, serial_bayou,
          serial_bayou_lagoon_a, serial_bayou_shore_b, serial_bayou_pond_e,
          serial_bayou_lake_a, serial_shops, nicolae_shop_advertising_works
          [nicolae_subvault_shop_adworks], nicolae_shop_getting_attention,
          nicolae_shop_tiny_waterfront, serial_library_hellmonk_open_square,
          minmay_misc_feat_plants, dilly_guarded_unrand_devastator
D:10:     layout_rooms, grunt_temple_overflow_lords_of_destruction,
          yredelemnul_forgotten_temple_becter, grunt_temple_overflow_open,
          grunt_lair_entry_orc_guard_hut,
          nicolae_concentric_dashed_squares_mild, chequers_big_river,
          minmay_misc_feat_five, st_stairs_4, uniq_joseph
D:11:     layout_loops_ring, serial_shops, shop
D:12:     layout_basic, orc_0_dummy, minivault_1, nzn_life_drinkers, uniq_fannar
Lair:1:   layout_roguey, serial_forest, infiniplex_forest_clump_tiny,
          infiniplex_forest_clump_double, infiniplex_forest_side_room,
          infiniplex_forest_lined_3_way, infiniplex_forest_clump_diagonal,
          infiniplex_forest_clump_C, infiniplex_forest_lined_room_2,
          special_room [special_room_bee], nzn_sisyphean_effort,
          infiniplex_staircase_pool, serial_bayou_shore_b, serial_bayou_shore_a
Lair:2:   layout_cave_pods, nzn_random_ring, serial_bayou_shore_b
Lair:3:   layout_regular_city, minmay_swamp_entry_worms,
          spider_nest_entry_rubble
Lair:4:   layout_gridlike, minmay_slime_entry_jelly_boxes,
          grunt_forest_small_clearing_treed
Lair:5:   grunt_lair_end_beastmaster, layout_regular_city,
          nicolae_lair_liquid_snakes, grunt_megastairs_2, uniq_josephine
Orc:1:    layout_diamond_mine, serial_shops, nicolae_shop_real_fake_doors,
          nicolae_orc_damp_corner, uniq_sonja, uniq_nergalle, uniq_gastronok
Abyss:2:  base: D:11, evilmike_abyss_exit_mutagenic

Skill      XL: |  1  2  3  4  5  6  7  8  9 10 11 12 13 14 15 |
---------------+----------------------------------------------+-----
Unarmed Combat | 4 5 6 8 9 10 11 15 | 15.0
Throwing       | 6 10 15 | 15.0
Invocations    | 1 8 10 | 10.0
Evocations     | 1 4 5 |  5.0
Fighting       | 7 10 | 10.0
Dodging        | 5 6 |  6.2
Armour         | 1 2 |  2.3

Action                     |  1- 3 |  4- 6 |  7- 9 | 10-12 | 13-15 || total
---------------------------+-------+-------+-------+-------+-------++-------
  Melee: Unarmed           |    55 |   179 |   182 |   395 |   474 ||  1285
         Punch             |     1 |     4 |     6 |    15 |    40 ||    66
  Throw: Large rock        |    42 |    21 |    19 |    62 |   104 ||   248
         Throwing net      |     1 |     1 |     4 |     1 |     1 ||     8
         Dart              |       |    35 |    54 |   122 |   134 ||   345
         Boomerang         |       |       |    36 |    61 |   100 ||   197
 Invoke: Wall of Briars    |       |       |     1 |     7 |    11 ||    19
         Grow Ballistomyce |       |       |       |     8 |     7 ||    15
  Evoke: Wand              |       |       |     2 |       |       ||     2
         Box of beasts     |       |       |       |       |     1 ||     1
    Use: Scroll            |       |       |     7 |     5 |    22 ||    34
         Potion            |       |       |       |     4 |    14 ||    18
   Stab: Held in net/web   |       |     1 |       |       |     1 ||     2
         Distracted        |       |       |       |       |     2 ||     2
 Armour: Robe              |    31 |    95 |   132 |   464 |   267 ||   989
         Troll leather arm |       |       |       |       |   181 ||   181
  Dodge: Dodged            |    25 |    71 |   105 |   234 |   217 ||   652
         Repelled          |       |       |       |     6 |       ||     6

Table legend: (Time is in decaauts)
 A = Elapsed time spent in this place.
 B = Non-inter-level travel time spent in this place.
 C = Inter-level travel time spent in this place.
 D = Time resting spent in this place.
 E = Time spent auto-exploring this place.
 F = Levels seen in this place.
 G = Mean time per level.
                   A        B        C        D        E       F      G
               +--------+--------+--------+--------+--------+-----+--------+
         Total |  25146 |  24031 |   1115 |   7778 |  10937 |  21 | 1197.4 |
       Dungeon |  14032 |  13335 |    697 |   3655 |   7221 |  12 | 1169.3 |
          Lair |   9841 |   9423 |    418 |   3771 |   3478 |   5 | 1968.2 |
  Orcish Mines |    160 |    160 |      0 |      0 |     79 |   1 |  160.0 |
         Abyss |    799 |    799 |      0 |    349 |     51 |   2 |  399.5 |
         Sewer |    312 |    312 |      0 |      2 |    108 |   1 |  312.0 |
               +--------+--------+--------+--------+--------+-----+--------+

Top non-repeatable levels by time:
  Lair:5: 2774 daAuts
  Lair:1: 2338 daAuts
  Lair:2: 1905 daAuts
     D:9: 1766 daAuts
    D:12: 1662 daAuts
  Lair:4: 1660 daAuts
     D:7: 1523 daAuts
     D:5: 1334 daAuts
    D:10: 1253 daAuts
    D:11: 1214 daAuts
  Lair:3: 1162 daAuts
     D:6: 1156 daAuts
     D:8: 1069 daAuts
     D:2: 925 daAuts
     D:3: 773 daAuts
